 Dungeon Crawl Stone Soup version 0.30.1-11-g7821555f0a (webtiles) character file.

Game seed: 10184787679637820046

41101 jtron the Severer (level 13, -4/162 (166) HPs)
             Began as a Demonspawn Berserker on Dec 22, 2023.
             Was an Elder of Trog.
             Killed from afar by a manticore (14 damage)
             ... with a volley of spikes
             ... on level 14 of the Dungeon on Dec 24, 2023.
             The game lasted 00:50:30 (20559 turns).

jtron the Severer (Demonspawn Berserker)           Turns: 20559, Time: 00:50:30

HP:   -4/162 (166)  AC: 17    Str: 19    XL:     13   Next: 78%
MP:   13/13         EV: 23    Int: 10    God:    Trog [****..]
Gold: 1639          SH:  0    Dex: 13    Spells: 12/12 levels left

rFire   . . .        a - +8 mithril axe "Arga" {speed, Will+}
rCold   . . .        (no shield)
rNeg    . . .        m - +2 scale mail {rPois}
rPois   +            (helmet unavailable)
rElec   .            i - +2 cloak
rCorr   .            Y - +0 pair of gloves
SInv    +            (no boots)
Will    +++..        (no amulet) Stlth
                     p - +5 ring of evasion
HPRegen 1.47/turn    T - +4 ring of protection
MPRegen 0.13/turn

%: no passive effects
@: agile, berserking, lethally poisoned (-4 -> -10), strong-willed, spiked,
regenerating, lightly drained, very quick
A: antennae 3, foul stench 1, powered by pain 2, sturdy frame 3, weak 1
a: Renounce Religion, Berserk, Trog's Hand, Brothers in Arms


You were on level 14 of the Dungeon.
You worshipped Trog.
Trog was greatly pleased with you.
You visited 4 branches of the dungeon, and saw 21 of its levels.
You also visited: Sewer and Bailey.

You collected 1639 gold pieces.

Inventory:

Hand Weapons
 a - the +8 mithril axe "Arga" (weapon) {speed, Will+}
   (You acquired it on level 2 of the Lair of Beasts)

   Will:      It increases your willpower.
 b - a +0 arbalest of draining
 u - a +8 antimagic battleaxe
 R - a +2 battleaxe of flaming
Missiles
 j - an atropa-tipped dart (quivered)
 o - 12 boomerangs
 y - 6 javelins
 B - 25 poisoned darts
 C - 4 throwing nets
 G - 102 stones
 Q - a curare-tipped dart
Armour
 i - a +2 cloak (worn)
 m - a +2 scale mail of poison resistance (worn)
 J - a +0 scale mail of fire resistance
 Y - a +0 pair of gloves (worn)
Jewellery
 p - a +5 ring of evasion (left hand)
 E - a ring of resist corrosion
 K - a ring of positive energy
 T - a +4 ring of protection (right hand)
Wands
 k - a wand of iceblast (8)
 n - a wand of paralysis (25)
 D - a wand of mindburst (10)
 I - a wand of flame (38)
 S - a wand of digging (8)
Scrolls
 c - a scroll of poison
 g - 2 scrolls of fear
 h - a scroll of summoning
 l - 6 scrolls of teleportation
 q - 2 scrolls of silence
 F - a scroll of brand weapon
 H - 3 scrolls of fog
 L - 2 scrolls of identify
 W - a scroll of magic mapping
Potions
 d - 6 potions of lignification
 e - 3 potions of ambrosia
 f - 5 potions of heal wounds
 r - 2 potions of curing
 s - 5 potions of might
 t - 3 potions of invisibility
 v - a potion of magic
 w - 2 potions of berserk rage
 x - a potion of flight
 z - 5 potions of haste
 O - 3 potions of resistance
 U - 3 potions of cancellation
Miscellaneous
 P - a piece from Xom's chessboard (15/15)
 X - a box of beasts


   Skills:
 * Level 13.0 Fighting
 + Level 18.2 Axes
 * Level 4.8 Ranged Weapons
 + Level 1.5 Throwing
 - Level 3.0 Armour
 - Level 4.0 Dodging
 + Level 4.5 Stealth
 - Level 5.0 Evocations


You had 12 spell levels left.
You didn't know any spells.
Your spell library was empty.

Dungeon Overview and Level Annotations

Branches:
Dungeon (14/15)            Temple (0/1) D:4            Lair (4/5) D:11
  Swamp (0/4) Lair:3        Snake (1/4) Lair:2          Orc (2/2) D:10
  Sewer (visited)          Bailey (visited)
  Slime: Lair:4-5       Elf: Orc:2       Vaults: D:13-14

Altars:
Ashenzari
Cheibriados
Dithmenos
Gozag
Hepliaklqana
Kikubaaqudgha
Makhleb
Nemelex Xobeh
Okawaru
Qazlal
Ru
Sif Muna
Trog
Wu Jian
Xom

Annotations:
D:9 exclusion: 2 oklob saplings
Lair:2 2 transporters
Lair:3 exclusion: oklob plant
Orc:2 Urug


Innate Abilities, Weirdness & Mutations

You have a pair of large antennae on your head. (SInv)
You may rarely emit foul miasma when damaged in melee.
You sometimes gain power by taking damage.
Your movements are significantly less encumbered by armour. (ER -6)
You are weak. (Str -2)


Message History

You are more poisoned.
The cane toad poisons you!
Your two-headed ogre hits the centaur with a +0 giant club!!
The centaur dies!
Trog accepts your kill.
You slash the cane toad!
The cane toad is almost dead.
You feel very sick.
The centaur wields a +0 shortbow.
The centaur shoots an arrow.
The arrow completely misses you.
The centaur warrior shoots an arrow.
The arrow hits you!
* * * LOW HITPOINT WARNING * * *
You focus on the pain.
You feel agile all of a sudden.
You slice the cane toad!!
You feel the power of Trog in you as your rage grows.
You kill the cane toad!
Trog accepts your kill.
You feel sick.
You feel very sick.
The centaur wields a +0 shortbow.
The centaur shoots an arrow.
The arrow hits you!
* * * LOW HITPOINT WARNING * * *
Your two-headed ogre rages.
The centaur shoots an arrow.
The arrow hits your two-headed ogre!
The centaur warrior shoots an arrow.
The arrow hits you!
* * * LOW HITPOINT WARNING * * *
The manticore bites your two-headed ogre!
The manticore claws your two-headed ogre!
The manticore claws your two-headed ogre.
There is a stone staircase leading down, spattered with blood here.
You feel a strong urge to attack something.
You feel very sick.
Your two-headed ogre hits the manticore with a +0 giant club!!!
Your two-headed ogre completely misses the manticore.
The centaur warrior shoots an arrow.
The arrow hits your two-headed ogre!!
The manticore flicks its tail.
The volley of spikes hits you!
The barbed spikes become lodged in your body.
You die...

...# .. .. ....#. .# . #
##....< .#<# .# ..
##...)#..##.#.## .###.. [..
#.........### #..... .
#.##............#..).#
..##..#........c...../.####
#.....$....@.c.c......{..{.
..........>.OH.....cc..c.#
..................#H# #
#####......(..c...T###..#
#...........#........#
#.<....!....#c..######
#..#.........#.<.#
#..#......#####.....#
#..(.##..## #..##.#


You could see a centaur warrior, a manticore (ally target), 3 centaurs and a
friendly two-headed ogre (summoned, berserk).

Vanquished Creatures
  Gastronok (Orc:1)
  3 slime creatures (D:12)
  Josephine (D:12)
  A ghost crab (Lair:3)
  4 two-headed ogres
  Erica (Orc:1)
  A centaur warrior (D:13)
  2 death yaks (Lair:2)
  3 boulder beetles
  Amaemon (D:8)
  2 ugly things
  5 cyclopes
  2 black mambas (Lair:2)
  A gargoyle (D:13)
  A torpor snail (Lair:2)
  An orange demon (D:8)
  5 cane toads
  A kobold demonologist (D:12)
  A cane toad (shapeshifter) (D:14)
  4 komodo dragons
  2 rime drakes (Lair:2)
  A spectral skyshark (Lair:3)
  6 trolls
  2 polar bears
  3 meliai
  Grinder (D:6)
  3 blink frogs (Lair:3)
  Sigmund (D:6)
  3 shadows
  6 wraiths
  2 wyverns
  A vampire (D:12)
  2 basilisks
  28 yaks
  2 steam dragons
  6 vampire mosquitoes
  Grum (D:10)
  Edmund (D:6)
  Menkaure (D:5)
  10 water moccasins
  Duvessa (D:5)
  3 acid dragons
  13 orc warriors
  3 black bears
  A spectral blink frog (Lair:3)
  5 ice beasts
  2 sky beasts
  2 ogres
  15 wolves
  3 centaurs
  A kobold brigand (D:8)
  A phantom (D:5)
  2 gnoll sergeants
  17 bullfrogs
  4 scorpions
  18 wights
  Dowan (D:5)
  14 killer bees
  7 howler monkeys
  2 vampire bats (Lair:1)
  2 electric eels
  4 hounds
  A gnoll bouda (D:8)
  6 orc priests
  3 jellies
  A sleepcap (D:8)
  4 iguanas
  17 orc wizards
  Robin (D:2)
  28 gnolls
  22 adders
  7 river rats
  An ufetubus (D:6)
  3 worms
  3 dart slugs
  72 orcs
  17 ball pythons
  8 endoplasms
  6 giant cockroaches
  17 goblins
  16 hobgoblins
  A jackal (D:3)
  20 kobolds
  4 quokkas
  12 bats
  11 frilled lizards
  25 rats
550 creatures vanquished.

Vanquished Creatures (collateral kills)
  Snorg (D:13)
  A troll (D:10)
  A blink frog (Lair:3)
  A wraith (D:12)
  An orc warrior (Orc:1)
  A centaur (D:14)
  3 orc priests
  7 orcs
16 creatures vanquished.

Vanquished Creatures (others)
  A gargoyle (D:13)
1 creature vanquished.

Grand Total: 567 creatures vanquished

Notes
Turn   | Place    | Note
-------+----------+-------------------------------------------
     0 | D:1      | jtron the Demonspawn Berserker began the quest for the Orb.
     0 | D:1      | Reached XP level 1. HP: 18/18 MP: 1/1
    82 | D:1      | Reached skill level 3 in Axes
    82 | D:1      | Gained mutation: Your movements are slightly less
                  | encumbered by armour. (ER -2) [demonic ancestry]
    82 | D:1      | Reached XP level 2. HP: 20/24 MP: 2/2
   461 | D:1      | Reached XP level 3. HP: 12/29 MP: 3/3
   877 | D:2      | Gained mutation: Your movements are less encumbered by
                  | armour. (ER -4) [demonic ancestry]
   877 | D:2      | Reached XP level 4. HP: 20/36 MP: 4/4
   880 | D:2      | Reached ** piety under Trog
  1203 | D:2      | Identified the +0 helmet of Cowardice {Drain rPois Dex+5}
  1203 | D:2      | Noticed Robin
  1237 | D:2      | Reached skill level 4 in Axes
  1253 | D:2      | Killed Robin
  1742 | D:3      | Found an ornate altar of the Wu Jian Council.
  1815 | D:3      | Gained mutation: You have a pair of small antennae on your
                  | head. [demonic ancestry]
  1815 | D:3      | Reached XP level 5. HP: 8/32 MP: 5/5
  2014 | D:3      | Found a glowing drain.
  2154 | Sewer    | Entered a sewer
  2209 | Sewer    | Reached skill level 1 in Stealth
  2298 | Sewer    | Reached *** piety under Trog
  2433 | Sewer    | Gained mutation: You sometimes gain a little power by
                  | taking damage. [demonic ancestry]
  2433 | Sewer    | Reached XP level 6. HP: 43/43 MP: 6/6
  2654 | Sewer    | Reached skill level 5 in Axes
  2845 | D:3      | Gained mutation: You have a pair of antennae on your head.
                  | [demonic ancestry]
  2845 | D:3      | Reached XP level 7. HP: 53/54 MP: 7/7
  3701 | D:4      | Found a stormy altar of Qazlal.
  3723 | D:4      | Reached **** piety under Trog
  4012 | D:4      | Identified a scroll of acquirement
  4012 | D:4      | Acquired a manual of Axes
  4049 | D:4      | Reached skill level 6 in Axes
  4201 | D:4      | Found a shimmering altar of Xom.
  4250 | D:4      | Found a staircase to the Ecumenical Temple.
  4496 | D:5      | Entered Level 5 of the Dungeon
  4518 | D:5      | Found an opulent altar of Gozag.
  4557 | D:5      | Reached skill level 7 in Axes
  4654 | D:5      | Noticed Dowan
  4655 | D:5      | Noticed Duvessa
  4666 | D:5      | Killed Duvessa
  4667 | D:5      | Reached skill level 5 in Fighting
  4674 | D:5      | Killed Dowan
  4675 | D:5      | Reached skill level 8 in Axes
  4675 | D:5      | Gained mutation: Your movements are significantly less
                  | encumbered by armour. (ER -6) [demonic ancestry]
  4675 | D:5      | Reached XP level 8. HP: 62/62 MP: 8/8
  4838 | D:5      | Noticed Menkaure
  4847 | D:5      | Killed Menkaure
  4848 | D:5      | Reached skill level 9 in Axes
  4881 | D:5      | Reached skill level 10 in Axes
  5104 | D:6      | Reached skill level 11 in Axes
  5218 | D:6      | Noticed Edmund
  5226 | D:6      | Killed Edmund
  5279 | D:6      | Noticed Sigmund
  5292 | D:6      | Killed Sigmund
  5293 | D:6      | Gained mutation: You may rarely emit foul miasma when
                  | damaged in melee. [demonic ancestry]
  5293 | D:6      | Reached XP level 9. HP: 69/69 MP: 9/9
  5304 | D:6      | Noticed Grinder
  5310 | D:6      | Killed Grinder
  5311 | D:6      | Reached skill level 12 in Axes
  5524 | D:6      | Found a runed translucent door.
  5545 | D:6      | Found a shadowy altar of Dithmenos.
  5734 | D:6      | Found a snail-covered altar of Cheibriados.
  5937 | D:6      | Found an ancient bone altar of Kikubaaqudgha.
  5937 | D:6      | Found a shimmering blue altar of Sif Muna.
  5944 | D:6      | Found a bloodstained altar of Trog.
  5946 | D:6      | Found a hazy altar of Hepliaklqana.
  5948 | D:6      | Found a sacrificial altar of Ru.
  6030 | D:6      | Reached skill level 13 in Axes
  6788 | D:7      | Found a burning altar of Makhleb.
  7041 | D:7      | Reached XP level 10. HP: 69/77 MP: 10/10
  7095 | D:7      | Reached skill level 14 in Axes
  7099 | D:7      | Reached ***** piety under Trog
  7930 | D:8      | Noticed Amaemon
  7962 | D:8      | Received a gift from Trog
  7963 | D:8      | Noticed an orange demon
  7977 | D:8      | Killed Amaemon
  7984 | D:8      | Killed an orange demon
  8357 | D:8      | Found a sparkling altar of Nemelex Xobeh.
  8837 | D:9      | Reached skill level 15 in Axes
  9046 | D:9      | Gained mutation: You have a pair of large antennae on your
                  | head. (SInv) [demonic ancestry]
  9046 | D:9      | Reached XP level 11. HP: 74/86 MP: 11/11
 10088 | D:10     | Entered Level 10 of the Dungeon
 10093 | D:10     | Found a broken altar of Ashenzari.
 10096 | D:10     | Found a staircase to the Orcish Mines.
 10258 | D:10     | Noticed a two-headed ogre
 10266 | D:10     | Killed a two-headed ogre
 10439 | D:10     | Found a flagged portal.
 10498 | Bailey   | Entered a bailey
 10585 | D:10     | Noticed Grum
 10590 | D:10     | Killed Grum
 10609 | D:10     | Reached skill level 16 in Axes
 11332 | D:11     | Found a staircase to the Lair.
 11486 | D:11     | Noticed a two-headed ogre
 11495 | D:11     | Killed a two-headed ogre
 11496 | D:11     | Reached skill level 1 in Throwing
 12042 | D:12     | Reached skill level 1 in Evocations
 12046 | D:12     | Noticed Josephine
 12050 | D:12     | Killed Josephine
 12080 | D:12     | Gained mutation: You sometimes gain power by taking damage.
                  | [demonic ancestry]
 12080 | D:12     | Reached XP level 12. HP: 77/96 MP: 12/12
 12081 | D:12     | Received a gift from Trog
 12253 | D:12     | Noticed a boulder beetle
 12785 | D:12     | Killed a boulder beetle
 12786 | D:12     | Reached skill level 10 in Fighting
 12932 | D:12     | Reached skill level 17 in Axes
 14155 | D:13     | Noticed Snorg
 14162 | D:13     | Killed Snorg
 14706 | D:13     | Reached skill level 1 in Ranged Weapons
 14829 | Lair:1   | Entered Level 1 of the Lair of Beasts
 15321 | Lair:1   | You fall into a shaft and drop 1 floor!
 15321 | Lair:2   | Noticed a death yak
 15321 | Lair:2   | Noticed a death yak
 15321 | Lair:2   | Noticed a boulder beetle
 15684 | Lair:1   | Reached skill level 5 in Evocations
 16091 | Orc:1    | Entered Level 1 of the Orcish Mines
 16093 | Orc:1    | Found a burning altar of Makhleb.
 16151 | Orc:1    | Reached XP level 13. HP: 83/107 MP: 4/13
 16251 | Orc:1    | Noticed Gastronok
 16262 | Orc:1    | Killed Gastronok
 16312 | Orc:1    | Noticed Erica
 16327 | Orc:1    | Killed Erica
 16648 | Orc:2    | Entered Level 2 of the Orcish Mines
 16692 | Orc:2    | Found an iron altar of Okawaru.
 16929 | Orc:2    | Noticed Urug
 16930 | Orc:2    | Noticed an orc warlord
 17728 | Lair:2   | Reached skill level 18 in Axes
 17884 | Lair:2   | Found a staircase to the Snake Pit.
 18138 | Lair:2   | Found a transporter.
 18225 | Lair:2   | Found a transporter.
 18715 | Lair:2   | Acquired the +8 mithril axe "Arga" {speed, Will+}
 18715 | Lair:2   | Found the +8 mithril axe "Arga" {speed, Will+}
 18829 | Snake:1  | Entered Level 1 of the Snake Pit
 20018 | Lair:3   | Found a staircase to the Swamp.
 20444 | Lair:2   | Gained mutation: Your magical capacity is low. (-10% MP)
                  | [potion of mutation]
 20444 | Lair:2   | Gained mutation: Your muscles are strong. (Str +4, Int/Dex
                  | -1) [potion of mutation]
 20445 | Lair:2   | Lost mutation: Your muscles are strong. (Str +4, Int/Dex
                  | -1) [potion of mutation]
 20445 | Lair:2   | Lost mutation: Your magical capacity is low. (-10% MP)
                  | [potion of mutation]
 20445 | Lair:2   | Gained mutation: You are weak. (Str -2) [potion of
                  | mutation]
 20559 | D:14     | Killed from afar by a manticore

Illustrated notes

Levels and vault maps discovered:
D:1:      minmay_arrival_three_doors, layout_loops_ring, minmay_3d_cube
D:2:      layout_loops_ring, nicolae_figureground_sparkle, uniq_robin
D:3:      layout_loops_corners, mainiacjoe_overflow_small_starburst,
          portal_sewer_entry_a, minmay_joined_circles
D:4:      layout_loops_cross, mainiacjoe_overflow_alcove_1,
          overflow_temple_1_default, minmay_temple_entry_tees,
          nrook_mini_vaults, chequers_serial_rivers_micro_b
D:5:      layout_rooms, grunt_gozag_breadcrumbs, lemuel_doored_altar,
          serial_park_tiny_2, uniq_duvessa, uniq_menkaure
D:6:      layout_loops_corners, cheibrodos_worm_habitat,
          nicolae_dithmenos_shadow_blocks, chequers_temple_overflow_minitemple,
          lightli_church_of_beogh, uniq_grinder, uniq_edmund, uniq_sigmund
D:7:      layout_loops_corners, zin_statuary, overflow_temple_1_default,
          minivault_14
D:8:      layout_loops_ring, nemelex_spade_bored_becter, uniq_amaemon
D:9:      layout_stronghold, introduction_to_nature_2
D:10:     layout_rooms, nicolae_overflow_crystal_walls, enter_bailey_2,
          roderic_lattice_a, uniq_grum
D:11:     layout_roguey, due_lair_maze_entry_diamond, dreamdust_wishing_well,
          kennysheep_generic_room_11
D:12:     layout_stronghold, uniq_josephine
D:13:     layout_rooms, uniq_snorg
D:14:     layout_rooms, skrybe_vaults_entry_preservation,
          chequers_serial_rivers_large_b, uniq_frances
Lair:1:   layout_roguey, roderic_batcave
Lair:2:   gammafunk_cloud_chamber, layout_chaotic_city, dummy_snake_entry
Lair:3:   layout_loops_ring, nicolae_swamp_entry_spooky,
          infiniplex_staircase_pool, grunt_megastairs_5
Lair:4:   layout_loops_ring, uniq_sonja
Snake:1:  layout_misc_corridors, drop_trap, minmay_shop_grove,
          serial_bayou_shore_a, uniq_aizul
Orc:1:    layout_caves, basic_altar, uniq_gastronok, uniq_erica
Orc:2:    st_orc_open, layout_caves, okawaru_metal_pillars_1_2, uniq_urug

Skill      XL: |  1  2  3  4  5  6  7  8  9 10 11 12 13 |
---------------+----------------------------------------+-----
Axes           | 3 4 5 8 11 13 15 16 17 18 | 18.2
Dodging        | 2 3 4 |  4.0
Fighting       | 4 5 6 7 9 11 13 | 13.0
Stealth        | 1 2 3 4 |  4.5
Armour         | 2 3 |  3.0
Throwing       | 1 |  1.5
Evocations     | 2 5 |  5.0
Ranged Weapons | 2 4 |  4.8

Action                     |  1- 3 |  4- 6 |  7- 9 | 10-12 | 13-15 || total
---------------------------+-------+-------+-------+-------+-------++-------
  Melee: Hand axe          |    81 |   280 |    85 |       |       ||   446
         Punch             |     1 |     2 |     3 |       |     1 ||     7
         War axe           |       |       |   329 |       |       ||   329
         Battleaxe         |       |       |    40 |   641 |   147 ||   828
         Broad axe         |       |       |       |       |    98 ||    98
   Fire: Arbalest          |       |       |       |     3 |       ||     3
  Throw: Boomerang         |       |     2 |     2 |     2 |       ||     6
         Dart              |       |       |       |     8 |    13 ||    21
 Invoke: Berserk           |     4 |     4 |     6 |     9 |     4 ||    27
         Trog's Hand       |       |     2 |     3 |       |     3 ||     8
         Brothers in Arms  |       |       |     1 |     4 |     4 ||     9
  Evoke: Wand              |       |       |       |     2 |     9 ||    11
    Use: Potion            |       |     1 |     2 |     1 |     3 ||     7
         Scroll            |       |    10 |    10 |    12 |     3 ||    35
   Stab: Sleeping          |       |     2 |     3 |     4 |     3 ||    12
         Distracted        |       |     1 |       |       |       ||     1
         Invisible         |       |       |       |       |     1 ||     1
         Paralysed         |       |       |       |       |     1 ||     1
 Armour: Animal skin       |    23 |    99 |       |       |       ||   122
         Skin              |       |    13 |       |       |       ||    13
         Ring mail         |       |       |    72 |       |       ||    72
         Scale mail        |       |       |    28 |   194 |    63 ||   285
  Dodge: Dodged            |    71 |   238 |   355 |   644 |   205 ||  1513
